 Dungeon Crawl Stone Soup version 0.30-a0-800-g7c544603b3 (webtiles) character file.

Game seed: 10051809607915577465

532 cheesebisquit the Digger (level 7, -6/36 HPs)
             Began as a Gargoyle Earth Elementalist on Feb 22, 2023.
             Mangled by a yak (9 damage)
             ... on level 5 of the Dungeon.
             The game lasted 00:09:34 (3735 turns).

cheesebisquit the Digger (GrEE)                     Turns: 3735, Time: 00:09:34

Health: -6/36      AC: 11    Str: 11    XL:     7   Next: 24%
Magic:  13/14      EV: 11    Int: 18    God:
Gold:   227        SH:  0    Dex: 10    Spells: 11/15 levels left

rFire   . . .      SeeInvis .    p - +4 quarterstaff (chaos)
rCold   . . .      Faith    .    (shield currently unavailable)
rNeg    + . .      Spirit   .    a - +0 robe
rPois   ∞          Reflect  .    (no helmet)
rElec   +          Harm     .    q - +1 cloak
rCorr   .          Rampage  .    (no gloves)
Will    .....                    m - +2 pair of boots
Stlth   ++                       (no amulet)
HPRegen 0.26/turn                (no ring)
MPRegen 0.14/turn                (no ring)

@: about to teleport
A: sickness immunity, AC +4, negative energy resistance 1, electricity
resistance, torment resistance 1, petrification resistance
a: no special abilities


You were on level 5 of the Dungeon.
You visited 1 branch of the dungeon, and saw 5 of its levels.

You collected 227 gold pieces.

Inventory:

Hand Weapons
 o - a +0 flail
 p - a +4 quarterstaff of chaos (weapon)
Missiles
 i - 3 atropa-tipped darts
Armour
 a - a +0 robe (worn)
 m - a +2 pair of boots (worn)
 q - a +1 cloak (worn)
Jewellery
 h - a ring of positive energy
Wands
 l - a wand of flame (23)
Scrolls
 c - 2 scrolls of noise {unknown}
 e - 2 scrolls of identify
 f - 3 scrolls of teleportation
 n - a scroll of poison {unknown}
 t - a scroll of magic mapping {unknown}
 u - a scroll of enchant armour {unknown}
Potions
 d - 2 potions of haste
 g - 3 potions of curing {unknown}
 j - a potion of mutation {unknown}
 k - a potion of resistance {unknown}
 r - a potion of cancellation {unknown}
 s - a potion of attraction {unknown}


   Skills:
 + Level 1.7 Staves
 - Level 1.5 Dodging
 - Level 2.1 Stealth
 + Level 4.8 Spellcasting
 - Level 0.7 Transmutations
 + Level 6.8 Earth Magic
 + Level 1.5 Evocations


You had 11 spell levels left.
You knew the following spells:

 Your Spells              Type           Power      Damage    Failure   Level
a - Sandblast             Erth           56%        2d13      1%          1
b - Stone Arrow           Conj/Erth      32%        3d9       10%         3

Your spell library contained the following spells:

 Spells                   Type           Power      Damage    Failure   Level
 Passwall                 Tmut/Erth      14%        N/A       4%          2
 Petrify                  Tmut/Erth      17%        N/A       28%         4


Dungeon Overview and Level Annotations

Branches:
Dungeon (5/15)
 Temple: D:4-7

Altars:
Qazlal

Annotations:
D:4 3 runed translucent doors, asti's ghost, novice DsFi
D:5 Edmund


Innate Abilities, Weirdness & Mutations

You are immune to sickness and miasma.
Your stone body is resilient. (AC +4)
You are immune to poison.
You resist negative energy. (rN+)
You are resistant to electric shocks. (rElec)
You are resistant to unholy torment.
You are immune to petrification.


Message History

The iguana is almost dead.
The iguana barely misses you.
The blast of sand hits the iguana!
You kill the iguana!
Magic restored.
You open the door.
Found a rapier.
There is an open door here.
A yak comes into view. 2 yaks come into view.
A yak comes into view.
The blast of sand hits the yak!
The yak is moderately wounded.
The blast of sand hits the yak.
The yak is heavily wounded.
The yak bellows!
You hear a bellow!
The yak bellows!
You hear a shout!
A yak comes into view.
The yak bellows!
The blast of sand hits the yak!
The yak is severely wounded.
The yak gores you!
Edmund the Younger comes into view.
He is wielding a +3 flail of draining and wearing an orb of light.
The yak attacks as you move away! The yak closely misses you.
The yak attacks as you move away! The yak gores you!
The yak attacks as you move away! The yak gores you!
* * * LOW HITPOINT WARNING * * *
The yak attacks as you move away! The yak barely misses you.
Okay, then.
As you read the scroll labelled GENAOR PAID, it crumbles to dust.
It is a scroll of identify.
d - 2 potions of haste The yak gores you.
* * * LOW HITPOINT WARNING * * *
As you read the scroll labelled JUBEYKHL WUOBY, it crumbles to dust.
You feel strangely unstable.
It was a scroll of teleportation.
The yak gores you but does no damage. The yak attacks as you move away!
The yak gores you.
* * * LOW HITPOINT WARNING * * *
The yak attacks as you move away! The yak gores you!
You die...

#@..Y.Y.###
#.####....#
#Y#..'.$..+
#Y#.##.)..#
#.#.##....#
#Y#.##....#
##Y#.##....#
#.Y..##....#
#.@..##....#
#....##....#
#....#####
#.........
##'#######
#.####.# ###
#.#....#. ..#
#.#.##.#.##.#
#.#.##.#..#.#


You could see 5 yaks.

Vanquished Creatures
  Menkaure (D:4)
  A phantom (D:3)
  A hound (D:4)
  3 orc priests
  Crazy Yiuf (D:3)
  2 iguanas
  4 adders
  A worm (D:4)
  4 dart slugs
  11 orcs
  3 ball pythons
  8 endoplasms
  3 giant cockroaches
  6 goblins
  5 hobgoblins
  2 jackals (D:1)
  8 kobolds
  3 quokkas
  6 bats
  3 frilled lizards (D:1)
  6 rats
  A bush (D:3)
83 creatures vanquished.

Notes
Turn   | Place    | Note
-------+----------+-------------------------------------------
     0 | D:1      | cheesebisquit the Gargoyle Earth Elementalist began the
                  | quest for the Orb.
     0 | D:1      | Reached XP level 1. HP: 10/10 MP: 3/3
   181 | D:1      | Reached XP level 2. HP: 15/15 MP: 3/5
   213 | D:1      | Reached skill level 4 in Earth Magic
   532 | D:1      | Reached XP level 3. HP: 19/19 MP: 4/6
  1254 | D:2      | You fall into a shaft and drop 1 floor!
  1274 | D:3      | Reached XP level 4. HP: 24/24 MP: 4/8
  1367 | D:3      | Reached skill level 5 in Earth Magic
  1449 | D:3      | Noticed a phantom
  1456 | D:3      | Killed a phantom
  1457 | D:3      | Reached XP level 5. HP: 28/28 MP: 5/10
  1558 | D:3      | Reached skill level 6 in Earth Magic
  1687 | D:3      | Reached XP level 6. HP: 32/32 MP: 10/12
  2111 | D:3      | Found a stormy altar of Qazlal.
  2653 | D:3      | Found a runed translucent door.
  2654 | D:3      | Noticed Crazy Yiuf
  2663 | D:3      | Killed Crazy Yiuf
  2676 | D:3      | Learned a level 3 spell: Stone Arrow
  2782 | D:4      | Identified the +0 chain mail "Otheit" {rElec Will+}
  2782 | D:4      | Found a runed translucent gate.
  2782 | D:4      | Found a runed translucent gate.
  2783 | D:4      | Found a runed translucent gate.
  2783 | D:4      | Noticed asti's ghost (novice DsFi)
  2798 | D:4      | Identified the +0 plate armour "Cet Hadd" {*Corrode Str+2
                  | Dex+8}
  2798 | D:4      | Noticed an orc warrior
  2812 | D:4      | Noticed Menkaure
  2829 | D:4      | Killed Menkaure
  2830 | D:4      | Reached skill level 1 in Staves
  2830 | D:4      | Reached skill level 1 in Evocations
  2883 | D:4      | Reached XP level 7. HP: 36/36 MP: 11/13
  3468 | D:4      | HP: 1/36 [orc priest/+0 club (3)]
  3648 | D:5      | Entered Level 5 of the Dungeon
  3714 | D:5      | Noticed a yak
  3715 | D:5      | Noticed a yak
  3715 | D:5      | Noticed a yak
  3716 | D:5      | Noticed a yak
  3718 | D:5      | Noticed a yak
  3720 | D:5      | Noticed Edmund
  3735 | D:5      | Mangled by a yak

Illustrated notes

Levels and vault maps discovered:
D:1:      onia_arrival_mini_spirals, layout_loops_ring
D:2:      layout_basic
D:3:      layout_loops_cross, overflow_temple_1_default, columned_hall_lemuel,
          uniq_crazy_yiuf_cottage
D:4:      layout_loops_cross, biasface_ghost_orc_armoury, nrook_loot_triangle,
          minmay_misc_feat_doors, grunt_ministairs_7, uniq_menkaure
D:5:      layout_basic, lemuel_round_altar, corexii_item_surrounded_by_moat,
          uniq_edmund, uniq_sigmund

Skill      XL: |  1  2  3  4  5  6 |
---------------+-------------------+-----
Earth Magic    | 4 5 6 |  6.8
Spellcasting   | 3 4 |  4.8
Staves         | 1 |  1.7
Evocations     | 1 |  1.5
Dodging        | |  1.5
Stealth        | |  2.1
Transmutations | |  0.7

Action                     |  1- 3 |  4- 6 |  7- 9 || total
---------------------------+-------+-------+-------++-------
  Melee: Unarmed           |       |   110 |       ||   110
         Flail             |       |    59 |       ||    59
         Punch             |       |     4 |       ||     4
   Cast: Sandblast         |    54 |    61 |    32 ||   147
    Use: Scroll            |       |       |     2 ||     2
         Potion            |       |       |     1 ||     1
 Armour: Robe              |     7 |     1 |     8 ||    16
  Dodge: Dodged            |    18 |     9 |     9 ||    36

Table legend: (Time is in decaauts)
 A = Elapsed time spent in this place.
 B = Non-inter-level travel time spent in this place.
 C = Inter-level travel time spent in this place.
 D = Time resting spent in this place.
 E = Time spent auto-exploring this place.
 F = Levels seen in this place.
 G = Mean time per level.
                   A        B        C        D        E       F      G
               +--------+--------+--------+--------+--------+-----+--------+
         Total |   3837 |   3652 |    185 |    177 |   2752 |   5 |  767.4 |
       Dungeon |   3837 |   3652 |    185 |    177 |   2752 |   5 |  767.4 |
               +--------+--------+--------+--------+--------+-----+--------+

Top non-repeatable levels by time:
     D:3: 1585 daAuts
     D:1: 1152 daAuts
     D:4: 881 daAuts
     D:2: 127 daAuts
     D:5: 90 daAuts
